 Dungeon Crawl Stone Soup version 0.23.2-40-g277498a001 (webtiles) character file.

Game seed: 5885235114152764533

12541 Kikorro the Cleaver (level 11, 0/100 HPs)
             Began as a Minotaur Fighter on Sept 22, 2019.
             Was an Elder of Makhleb.
             Slain by an ettin
             ... wielding a +0 dire flail of protection
              (15 damage)
             ... on level 2 of the Orcish Mines.
             The game lasted 00:36:27 (9802 turns).

Kikorro the Cleaver (Minotaur Fighter)              Turns: 9802, Time: 00:36:29

Health: 0/100      AC: 15    Str: 30    XL:     11   Next: 63%
Magic:  19/19      EV:  9    Int:  5    God:    Makhleb [****..]
Gold:   925        SH: 12    Dex:  8    Spells: 10/10 levels left

rFire    . . .     SeeInvis .   t - +12 war axe of Inflation {freeze, +Inv MP+9 Dex-2}
rCold    . . .     Gourm    .   c - +0 shield
rNeg     . . .     Faith    .   I - +0 chain mail
rPois    .         Spirit   .   u - +1 hat
rElec    .         Reflect  .   K - +0 cloak
rCorr    .         Harm     .   (no gloves)
MR       .....                  s - +0 pair of boots
Stlth    ..........             k - amulet of regeneration
HPRegen  0.66/turn              Q - ring of flight
MPRegen  0.16/turn              J - +6 ring of strength

@: no status effects
A: retaliatory headbutt, horns 2
a: Minor Destruction, Lesser Servant of Makhleb, Major Destruction, Renounce
Religion, Evoke Invisibility, Evoke Flight


You were on level 2 of the Orcish Mines.
You worshipped Makhleb.
Makhleb was greatly pleased with you.
You were very full.

You visited 2 branches of the dungeon, and saw 12 of its levels.
You also visited: Ossuary.

You collected 925 gold pieces.

Inventory:

Hand Weapons
 t - the +12 war axe of Inflation (weapon) {freeze, +Inv MP+9 Dex-2}
   (You found it on level 5 of the Dungeon)

   It has been specially enchanted to freeze those struck by it, causing extra
   injury to most foes and up to half again as much damage against particularly
   susceptible opponents.
   It can also slow down cold-blooded creatures.
   It affects your dexterity (-2).
   It affects your magic capacity (+9).
   It lets you turn invisible.
 O - a +2 flail of freezing
Armour
 c - a +0 shield (worn)
 s - a +0 pair of boots (worn)
 u - a +1 hat (worn)
 I - a +0 chain mail (worn)
 K - a +0 cloak (worn)
 R - a +0 plate armour
Jewellery
 a - an uncursed amulet of the gourmand
 i - an uncursed ring of see invisible
 k - an amulet of regeneration (around neck)
 r - a +2 ring of intelligence
 J - a +6 ring of strength (right hand)
 Q - a ring of flight (left hand)
Wands
 g - a wand of paralysis (4)
 v - a wand of polymorph (10)
 F - a wand of acid (8)
 L - a wand of iceblast (7)
Scrolls
 b - 2 scrolls of magic mapping {unknown}
 e - 12 scrolls of remove curse
 h - 5 scrolls of teleportation
 l - 4 scrolls of enchant armour
 o - a scroll of blinking
 p - 3 scrolls of fear
 q - 5 scrolls of immolation
 y - a scroll of noise {unknown}
 B - 3 scrolls of enchant weapon {unknown}
 C - a scroll of amnesia {unknown}
 E - 2 scrolls of vulnerability {unknown}
 G - a scroll of fog {unknown}
 H - a scroll of acquirement {unknown}
 N - a scroll of holy word {unknown}
 P - a scroll of silence {unknown}
Potions
 d - a potion of might
 j - 2 potions of agility
 m - 2 potions of flight
 n - 6 potions of brilliance
 w - 2 potions of degeneration {unknown}
 x - 2 potions of cancellation
 z - 3 potions of heal wounds
 A - a potion of lignification
 D - 2 potions of haste {unknown}
Comestibles
 f - 19 rations
 M - 14 chunks of flesh


   Skills:
 + Level 10.2 Fighting
 + Level 12.0(12.9) Axes
 + Level 8.6(11.4) Maces & Flails
 + Level 10.1 Armour
 + Level 4.9 Dodging
 - Level 0.9 Stealth
 + Level 9.3 Shields


You had 10 spell levels left.
You didn't know any spells.
Your spell library contained the following spells:

 Spells                   Type           Power        Failure   Level  Hunger
 Animate Skeleton         Necr           N/A          99%         1    ##.....
 Apportation              Tloc           #.....       99%         1    ##.....
 Beastly Appendage        Tmut           #.....       99%         1    ##.....
 Confusing Touch          Hex            #.....       99%         1    ##.....
 Infusion                 Chrm           #...         99%         1    ##.....
 Summon Small Mammal      Summ           #...         99%         1    ##.....
 Shroud of Golubria       Chrm/Tloc      #.........   100%        2    ###....
 Song of Slaying          Chrm           #.......     100%        2    ###....
 Sticks to Snakes         Tmut           #.......     100%        2    ###....
 Regeneration             Chrm/Necr      #.........   100%        3    ####...
 Spectral Weapon          Hex/Chrm       #.......     100%        3    ####...
 Spider Form              Tmut/Pois      #.........   100%        3    ####...
 Ice Form                 Ice/Tmut       #.......     100%        4    #####..
 Blade Hands              Tmut           #.........   100%        5    ######.


Dungeon Overview and Level Annotations

Branches:
Dungeon (10/15)            Temple (0/1) D:6            Lair (0/6) D:10
    Orc (1/2) D:9

Altars:
Cheibriados
Dithmenos
Fedhas
Gozag
Hepliaklqana
Makhleb
Qazlal
Ru
Sif Muna
Wu Jian
Yredelemnul
Zin
The Shining One

Shops:
Orc:2 *

Annotations:
D:4 Natasha
D:9 3 runed translucent doors, KamiKatze's ghost, novice MfBe


Innate Abilities, Weirdness & Mutations

You reflexively headbutt those who attack you in melee.
You have a pair of horns on your head.


Message History

You kill the cyclops!
Makhleb accepts your kill.
You feel better.
Your Axes skill increases to level 12!
You hit the ettin. You freeze the ettin.
The ogre mage hits you from afar with a +0 spear.
A troll comes into view.
You hit the ettin but do no damage. You headbutt the ettin.
The ettin is moderately wounded.
The ettin hits you with a +0 dire flail of protection!!
The ettin hits you but does no damage.
The ogre mage hits you but does no damage.
You hit the ettin but do no damage.
You headbutt the ettin, but do no damage.
The ettin is moderately wounded.
The ogre mage hits you but does no damage.
The ettin hits you with a +0 dire flail of protection!!
* * * LOW HITPOINT WARNING * * *
The ettin hits you with a +0 dire flail!
You die...

### #.# ##...
##.#.# # #.$..##
.#.∩
##.....#.....
##.#)#........
#....)C.......
##..)@)..T.T..
#..).(O#.....
#.......#......
.....#.##.......
##..... #......
#..... ......
#...#. #...
...... ..


You could see an ettin, an ogre mage and 2 trolls.

Vanquished Creatures
  Erica (D:10)
  A two-headed ogre (Orc:1)
  2 orc knights
  A cyclops (Orc:2)
  Joseph (D:10)
  Psyche (D:9)
  4 trolls
  A hippogriff (D:10)
  Sigmund (D:2)
  A hungry ghost (D:7)
  2 wargs (D:10)
  A water moccasin (D:9)
  A black bear (D:9)
  9 orc warriors
  2 ice beasts (D:5)
  2 sky beasts
  3 phantoms
  2 eyes of draining (D:9)
  A necrophage (D:9)
  11 ogres
  6 centaurs
  3 big kobolds
  Blork the orc (D:4)
  5 bullfrogs
  A wyvern zombie (D:9)
  3 gnoll sergeants
  5 scorpions
  4 wights (D:9)
  6 killer bees
  5 bullfrog zombies
  3 centaur zombies (Ossuary)
  2 howler monkeys
  7 crimson imps
  5 jellies
  2 quasits
  8 orc priests
  3 hounds
  19 orc wizards
  A centaur skeleton (D:9)
  Jessica (D:2)
  A bullfrog skeleton (D:10)
  7 iguanas
  Natasha (twice) (D:4)
  7 worker ants
  2 killer bee zombies
  5 hound zombies
  A hound skeleton (D:4)
  14 mummies (Ossuary)
  7 worker ant zombies (Ossuary)
  Robin (D:4)
  A howler monkey skeleton (D:5)
  12 adders
  12 gnolls
  3 shadow imps
  3 adder zombies
  4 worms
  2 dart slugs
  7 leopard geckos
  37 orcs
  7 bats
  7 giant cockroaches
  11 goblins
  6 hobgoblins
  11 jackals
  15 kobolds
  2 quokkas (D:2)
  6 frilled lizards
  A giant cockroach zombie (Ossuary)
  A leopard gecko zombie (D:5)
  5 rats
338 creatures vanquished.

Vanquished Creatures (others)
  A withered plant (Ossuary)
1 creature vanquished.

Grand Total: 339 creatures vanquished

Notes
Turn   | Place    | Note
-------+----------+-------------------------------------------
     0 | D:1      | Kikorro the Minotaur Fighter began the quest for the Orb.
     0 | D:1      | Reached XP level 1. HP: 19/19 MP: 0/0
   258 | D:1      | Reached XP level 2. HP: 25/27 MP: 1/1
   813 | D:2      | Noticed Sigmund
   818 | D:2      | Killed Sigmund
   818 | D:2      | Reached skill level 5 in Armour
   818 | D:2      | Reached skill level 1 in Dodging
   818 | D:2      | Reached XP level 3. HP: 26/34 MP: 2/2
   818 | D:2      | Reached XP level 4. HP: 32/41 MP: 3/3
   818 | D:2      | Reached XP level 5. HP: 36/47 MP: 4/4
  1005 | D:2      | Noticed Jessica
  1011 | D:2      | Killed Jessica
  1946 | D:3      | Found a blossoming altar of Fedhas.
  1946 | D:3      | Found a faded altar of an unknown god.
  1957 | D:3      | Found a faded altar of an unknown god.
  1959 | D:3      | Found a hazy altar of Hepliaklqana.
  1961 | D:3      | Found a basalt altar of Yredelemnul.
  2043 | D:3      | Reached XP level 6. HP: 53/53 MP: 5/5
  2429 | D:4      | Reached skill level 5 in Maces & Flails
  2629 | D:4      | Reached skill level 5 in Fighting
  2699 | D:4      | Reached XP level 7. HP: 61/61 MP: 6/6
  2701 | D:4      | Reached skill level 5 in Shields
  2761 | D:4      | Noticed Robin
  2776 | D:4      | Killed Robin
  2823 | D:4      | Found a sacrificial altar of Ru.
  2893 | D:4      | Noticed Natasha
  2896 | D:4      | Killed Natasha
  3041 | D:4      | Noticed Natasha
  3046 | D:4      | Killed Natasha
  3127 | D:4      | Noticed Blork the orc
  3136 | D:4      | Killed Blork the orc
  3332 | D:4      | Noticed Natasha
  3417 | D:5      | Entered Level 5 of the Dungeon
  3524 | D:5      | Reached XP level 8. HP: 69/69 MP: 7/7
  3888 | D:5      | Got a smoking war axe
  3889 | D:5      | Identified the +12 war axe of Inflation {freeze, +Inv MP+9
                  | Dex-2} (You found it on level 5 of the Dungeon)
  3967 | D:5      | Paralysed by an orc for 7 turns
  3976 | D:5      | Paralysed by an orc for 7 turns
  4050 | D:5      | Reached skill level 1 in Axes
  4379 | D:5      | Reached skill level 2 in Axes
  4613 | D:5      | Reached XP level 9. HP: 78/78 MP: 8/8
  4783 | D:6      | Reached skill level 3 in Axes
  4795 | D:6      | Found a sand-covered staircase.
  4800 | Ossuary  | Entered an ossuary
  4894 | Ossuary  | Reached skill level 4 in Axes
  5034 | Ossuary  | Reached skill level 5 in Axes
  5150 | D:6      | Found a stormy altar of Qazlal.
  5250 | D:6      | Found an opulent altar of Gozag.
  5251 | D:6      | Found a glowing silver altar of Zin.
  5256 | D:6      | Found a glowing golden altar of the Shining One.
  5256 | D:6      | Found a burning altar of Makhleb.
  5265 | D:6      | Became a worshipper of Makhleb the Destroyer
  5354 | D:6      | Reached skill level 6 in Axes
  5405 | D:6      | Found a staircase to the Ecumenical Temple.
  5467 | D:6      | Found a deep blue altar of Sif Muna.
  5738 | D:7      | Found a shadowy altar of Dithmenos.
  5887 | D:7      | Reached * piety under Makhleb
  5887 | D:7      | Reached skill level 7 in Axes
  6002 | D:7      | Found an ornate altar of the Wu Jian Council.
  6287 | D:7      | Reached XP level 10. HP: 70/86 MP: 9/9
  6757 | D:8      | Reached skill level 8 in Axes
  6921 | D:8      | Found a snail-covered altar of Cheibriados.
  6982 | D:8      | Reached ** piety under Makhleb
  7362 | D:9      | Reached skill level 9 in Axes
  7591 | D:9      | Found a staircase to the Orcish Mines.
  7598 | D:9      | Reached *** piety under Makhleb
  7804 | D:9      | Noticed Psyche
  7821 | D:9      | Killed Psyche
  7954 | D:9      | Found a runed translucent gate.
  7954 | D:9      | Found a runed translucent gate.
  7957 | D:9      | Found a runed translucent gate.
  7957 | D:9      | Noticed a spectral centaur warrior
  7959 | D:9      | Noticed KamiKatze's ghost (novice MfBe)
  8184 | D:9      | Reached skill level 10 in Axes
  8205 | D:9      | You fall through a shaft!
  8205 | D:10     | Entered Level 10 of the Dungeon
  8213 | D:10     | Found a staircase to the Lair.
  8449 | D:10     | Reached XP level 11. HP: 79/97 MP: 10/10
  8542 | D:10     | Noticed Erica
  8547 | D:10     | Killed Erica
  8745 | D:10     | Noticed Joseph
  8753 | D:10     | Killed Joseph
  9098 | Orc:1    | Entered Level 1 of the Orcish Mines
  9110 | Orc:1    | Reached skill level 11 in Axes
  9121 | Orc:1    | Noticed an orc knight
  9123 | Orc:1    | Noticed a two-headed ogre
  9124 | Orc:1    | Noticed an orc knight
  9137 | D:9      | Killed an orc knight
  9227 | Orc:1    | Killed an orc knight
  9227 | Orc:1    | Killed a two-headed ogre
  9561 | Orc:1    | Noticed a +4 great sword
  9609 | Orc:1    | Reached **** piety under Makhleb
  9740 | Orc:1    | Reached skill level 10 in Fighting
  9783 | Orc:1    | You fall through a shaft!
  9783 | Orc:2    | Entered Level 2 of the Orcish Mines
  9783 | Orc:2    | Found Sakhael's General Store.
  9788 | Orc:2    | Noticed an ettin
  9791 | Orc:2    | Reached skill level 10 in Armour
  9791 | Orc:2    | Noticed an ogre mage
  9800 | Orc:2    | Reached skill level 12 in Axes
  9802 | Orc:2    | Slain by an ettin

Skill      XL: |  1  2  3  4  5  6  7  8  9 10 11 |
---------------+----------------------------------+-----
Fighting       | 4 5 6 7 9 10 | 10.2
Armour         | 5 6 7 8 9 10 | 10.1
Maces & Flails | 3 4 5 7 8 |  8.6
Dodging        | 1 2 3 4 |  4.9
Shields        | 4 5 6 7 8 9 |  9.3
Axes           | 2 7 10 12 | 12.0
Stealth        | |  0.9

Action                   |  1- 3 |  4- 6 |  7- 9 | 10-12 || total
-------------------------+-------+-------+-------+-------++-------
Melee: Flail             |    50 |   131 |   147 |       ||   328
       Headbutt          |     8 |    20 |    61 |    45 ||   134
       War axe           |       |       |   206 |   254 ||   460
  Use: Scroll            |     2 |     2 |     7 |     2 ||    13
       Potion            |       |       |       |     1 ||     1
 Stab: Paralysed         |       |       |     1 |       ||     1
  Eat: Chunk             |       |     6 |     9 |    23 ||    38
       Ration            |       |       |     1 |       ||     1
Armor: Scale mail        |    29 |    35 |   111 |     2 ||   177
       Chain mail        |       |       |       |    58 ||    58
Dodge: Dodged            |    19 |    42 |    96 |    60 ||   217
Block: Shield            |    27 |    64 |   166 |   138 ||   395
